 Dungeon Crawl Stone Soup version 0.27-a0-1154-gfdeffcb720 (webtiles) character file.

Game seed: 8732086563879376730

1 freelancePsychic the Insei (level 1, 0/15 HPs)
             Began as a Merfolk Transmuter on May 14, 2021.
             Slain by a kobold
             ... wielding a +0 short sword
              (3 damage)
             ... on level 1 of the Dungeon.
             The game lasted 00:00:21 (19 turns).

freelancePsychic the Insei (Merfolk Transmuter)       Turns: 19, Time: 00:00:23

Health: 0/15       AC:  2    Str: 10    XL:     1   Next: 20%
Magic:  2/3        EV: 12    Int: 12    God:
Gold:   0          SH:  0    Dex: 14    Spells: 3/4 levels left

rFire    . . .     SeeInvis .     - Unarmed
rCold    . . .     Faith    .   (no shield)
rNeg     . . .     Spirit   .   a - +0 robe
rPois    .         Reflect  .   (helmet currently unavailable)
rElec    .         Harm     .   (no cloak)
rCorr    .         Rampage  .   (no gloves)
Will     .....                  (boots currently unavailable)
Stlth    +.........             (no amulet)
HPRegen  0.05/turn              (no ring)
MPRegen  0.08/turn              (no ring)

@: appendages (expiring)
A: horns 2, (nimble swimmer 2), mertail
a: End Transformation


You were on level 1 of the Dungeon.
You had temporarily grown beastly horns.
You visited 1 branch of the dungeon, and saw 1 of its levels.

Inventory:

Armour
 a - a +0 robe (worn)


   Skills:
 - Level 1.1 Fighting
 - Level 2.6 Dodging
 - Level 3.2 Unarmed Combat
 - Level 2.0 Spellcasting
 * Level 2.8 Transmutations
 + Level 0.1 Poison Magic


You had 3 spell levels left.
You knew the following spells:

 Your Spells              Type           Power      Damage    Failure   Level
a - Beastly Appendage     Tmut           16%        N/A       9%          1

Your spell library contained the following spells:

 Spells                   Type           Power      Damage    Failure   Level
 Wereblood                Tmut           8%         N/A       13%         2
 Spider Form              Tmut/Pois      2%         N/A       41%         3
 Ice Form                 Ice/Tmut       4%         N/A       83%         4
 Hydra Form               Tmut           4%         N/A       93%         5


Dungeon Overview and Level Annotations

Branches:
Dungeon (1/15)

Altars:


Innate Abilities, Weirdness & Mutations

You have temporarily grown beastly horns.
((You are quick and stealthy near water. (Stealth+, EV+, Speed+++)))
Your lower body shifts to a powerful aquatic tail in water.


Message History

Welcome, freelancePsychic the Merfolk Transmuter.
The bosom of this dungeon contains the transcendent artefact, the Orb of Zot.
Press ? for a list of commands and other information.
Found 10 gold pieces and a scroll labelled HATIDO KONOL.
Found a staircase leading out of the dungeon.
A kobold comes into view. It is wielding a +0 short sword.
The kobold shouts!
The kobold throws a stone.
The stone closely misses you.
A kobold is nearby!
An endoplasm comes into view.
The kobold throws a stone.
The stone hits you.
Found a rapier.
The kobold throws a stone.
The stone hits you but does no damage.
Casting: Beastly Appendage (safe; 9% risk of failure)
Confirm with . or Enter, or press ? or * to list all spells.
You grow a pair of large bovine horns.
The endoplasm quivers.
The kobold throws a stone.
The stone barely misses you. The endoplasm freezes you.
You are frozen.
You are too injured to fight recklessly!
You are too injured to fight recklessly!
You hit the endoplasm.
You kill the endoplasm!
The kobold throws a stone.
The stone barely misses you.
Your transformation is almost over.
The kobold throws a stone.
The stone hits you. The kobold closely misses you.
You barely miss the kobold. Your headbutt misses the kobold.
The kobold hits you with a +0 short sword.
* * * LOW HITPOINT WARNING * * *
You closely miss the kobold.
The kobold hits you with a +0 short sword.
* * * LOW HITPOINT WARNING * * *
You hit the kobold but do no damage. The kobold closely misses you.
You closely miss the kobold. You punch the kobold, but do no damage.
The kobold closely misses you.
You barely miss the kobold.
The kobold hits you with a +0 short sword.
You die...

.#.....≈.....#.. ##..#
......§≈§............##
?....≈≈≈§§......#.....##
....§.....§.............
...≈≈≈§§.§≈≈..........#
..≈≈≈§§.≈≈§≈≈........#
.≈.^..§§.....≈..K...#
≈≈§....<....§≈§.@...#
≈≈≈§.......§§§≈≈§...#
....§.....§.....≈...#
...≈≈§..§§≈§...≈§§§.#
≈.§≈§≈≈.≈§≈≈≈.≈≈≈≈§.#
........§.....$.§§.)#
#####.#.##########.##
#§..# .# .... #


You could see a kobold.

Vanquished Creatures
  An endoplasm (D:1)
1 creature vanquished.

Notes
Turn   | Place    | Note
-------+----------+-------------------------------------------
     0 | D:1      | freelancePsychic the Merfolk Transmuter began the quest for
                  | the Orb.
     0 | D:1      | Reached XP level 1. HP: 15/15 MP: 3/3
    19 | D:1      | Slain by a kobold

Illustrated notes

Levels and vault maps discovered:
D:1:      onia_arrival_pyramid, layout_loops_ring, serial_shops,
          nicolae_shop_behind_doors, grunt_decor_clamped,
          chequers_serial_rivers_small_3

Action                   || total
-------------------------++-------
Melee: Unarmed           ||     6
       Punch             ||     1
 Cast: Beastly Appendage ||     1
Armor: Robe              ||     1
Dodge: Dodged            ||     6

Table legend: (Time is in decaauts)
 A = Elapsed time spent in this place.
 B = Non-inter-level travel time spent in this place.
 C = Inter-level travel time spent in this place.
 D = Time resting spent in this place.
 E = Time spent auto-exploring this place.
 F = Levels seen in this place.
 G = Mean time per level.
                   A        B        C        D        E       F      G
               +--------+--------+--------+--------+--------+-----+--------+
         Total |     18 |     18 |      0 |      0 |      4 |   1 |   18.0 |
       Dungeon |     18 |     18 |      0 |      0 |      4 |   1 |   18.0 |
               +--------+--------+--------+--------+--------+-----+--------+

Top non-repeatable levels by time:
     D:1: 18 daAuts
